 Dungeon Crawl Stone Soup version 0.26-a0-667-g92642533e4 (webtiles) character file.

Game seed: 10221655386650660649

133 lunkers the Chopper (level 5, -3/37 HPs)
             Began as an Octopode Fighter on Oct 16, 2020.
             Was an Initiate of Gozag.
             Slain by a gnoll
             ... wielding a +0 halberd
              (15 damage)
             ... on level 3 of the Dungeon.
             The game lasted 00:02:52 (2674 turns).

lunkers the Chopper (Octopode Fighter)              Turns: 2674, Time: 00:02:53

Health: -3/37      AC:  1    Str: 15    XL:     5   Next: 16%
Magic:  5/5        EV:  7    Int: 11    God:    Gozag
Gold:   158        SH:  0    Dex: 12    Spells: 4/4 levels left

rFire    . . .     SeeInvis .   a - +0 war axe
rCold    . . .     Faith    .   b - +0 kite shield
rNeg     . . .     Spirit   .   (helmet restricted)
rPois    .         Reflect  .   (no amulet)
rElec    .         Harm     .   (no ring)
rCorr    .         Rampage  .   (no ring)
MR       .....                  (no ring)
Stlth    ++........             (no ring)
HPRegen  0.12/turn              (no ring)
MPRegen  0.09/turn              (no ring)
                                (no ring)
                                (no ring)

@: gold aura, held
A: almost no armour, stealthy swim, amphibious, 8 rings, constrict 8, camouflage
1, gelatinous body 1
a: Potion Petition, Call Merchant, Bribe Branch, Renounce Religion


You were on level 3 of the Dungeon.
You worshipped Gozag.
Gozag was aware of your devotion.
You visited 1 branch of the dungeon, and saw 3 of its levels.

You collected 187 gold pieces.
You paid 29 gold pieces to Gozag.

Inventory:

Hand Weapons
 a - a +0 war axe (weapon)
Armour
 b - a +0 kite shield (worn)
Jewellery
 j - an uncursed ring of magical power {unknown}
Scrolls
 d - 5 scrolls of remove curse {unknown}
 e - 2 scrolls of enchant armour {unknown}
 f - 4 scrolls of identify {unknown}
 h - a scroll of noise {unknown}
 k - a scroll of fear {unknown}
Potions
 c - a potion of might
 g - a potion of cancellation {unknown}
 i - a potion of lignification {unknown}


   Skills:
 + Level 3.7 Fighting
 * Level 4.0 Axes
 - Level 3.0 Dodging
 + Level 3.8 Shields


You had 4 spell levels left.
You didn't know any spells.
Your spell library was empty.

Dungeon Overview and Level Annotations

Branches:
Dungeon (3/15)

Altars:
Dithmenos
Gozag


Innate Abilities, Weirdness & Mutations

You cannot wear most types of armour.
You are very stealthy in the water. (Stealth+)
You are amphibious.
You can wear up to eight rings at the same time.
You can use your tentacles to constrict eight enemies at once.
Your skin changes colour to match your surroundings (Stealth+).
Your rubbery body absorbs attacks. (AC +1, EV +1)


Message History

You slash the orc!
You kill the orc!
You closely miss the goblin. You slash the orc!
You kill the orc!
Your Axes skill increases to level 4!
You block the goblin's attack.
You slash the goblin!
You kill the goblin!
You now have 158 gold pieces (gained 14).
You see here a +0 dagger.
A gnoll comes into view. It is wielding a +0 halberd.
The gnoll throws a throwing net.
The throwing net hits you.
You become entangled in the net!
Found a shadowy altar of Dithmenos.
Items here: $ ( )).
You struggle against the net.
A jackal comes into view.
The gnoll hits you from afar with a +0 halberd!
You die...
Your body crumbles into a pile of gold.

..#.####....# #.
#.#.##......### ##.
#....[.........
#..###...##.#...(...
.....(..##.#....... .
#.........'....... _..
##........#....)..
..h..##)......###.......
.....g.@$.....# #.......
...##..$$...>## #.......
##......## ########
#......# ...$#####
##...# #####


You could see a gnoll and a jackal (wandering).

Vanquished Creatures
  5 adders
  2 oozes
  A worm (D:2)
  2 dart slugs (D:2)
  A leopard gecko (D:2)
  4 orcs (D:3)
  6 giant cockroaches
  8 goblins
  6 hobgoblins
  6 jackals
  7 kobolds
  A quokka (D:2)
  A ball python (D:1)
  5 bats
  5 frilled lizards
  3 rats (D:2)
63 creatures vanquished.

Notes
Turn   | Place    | Note
-------+----------+-------------------------------------------
     0 | D:1      | lunkers the Octopode Fighter began the quest for the Orb.
     0 | D:1      | Reached XP level 1. HP: 16/16 MP: 1/1
    99 | D:1      | Reached XP level 2. HP: 17/21 MP: 2/2
   795 | D:1      | Reached XP level 3. HP: 23/26 MP: 3/3
   951 | D:1      | Reached skill level 3 in Axes
  1377 | D:2      | Reached XP level 4. HP: 11/31 MP: 4/4
  1922 | D:2      | Found an opulent altar of Gozag.
  2184 | D:2      | Became a worshipper of Gozag Ym Sagoz the Greedy
  2494 | D:3      | Reached XP level 5. HP: 32/37 MP: 5/5
  2669 | D:3      | Reached skill level 4 in Axes
  2673 | D:3      | Found a shadowy altar of Dithmenos.
  2674 | D:3      | Slain by a gnoll

Illustrated notes

Levels and vault maps discovered:
D:1:      elethiomel_arrival_quiet, layout_loops_ring, hex_medium
D:2:      minmay_skewed_foursquare, layout_rooms,
          nicolae_gozag_cash_rules_everything_around_me
D:3:      layout_basic, nicolae_dithmenos_shadow_blocks

Skill      XL: |  1  2  3  4  5 |
---------------+----------------+-----
Axes           | 3 4 |  4.0
Fighting       | |  3.7
Dodging        | |  3.0
Shields        | |  3.8

Action                   |  1- 3 |  4- 6 || total
-------------------------+-------+-------++-------
Melee: War axe           |    63 |    45 ||   108
       Constrict         |    13 |    13 ||    26
       Tentacles         |    12 |     8 ||    20
  Use: Potion            |     1 |       ||     1
 Stab: Sleeping          |     8 |       ||     8
Armor: Skin              |     6 |     4 ||    10
Dodge: Dodged            |    37 |    24 ||    61
Block: Kite shield       |    32 |    23 ||    55

Table legend: (Time is in decaauts)
 A = Elapsed time spent in this place.
 B = Non-inter-level travel time spent in this place.
 C = Inter-level travel time spent in this place.
 D = Time resting spent in this place.
 E = Time spent auto-exploring this place.
 F = Levels seen in this place.
 G = Mean time per level.
                   A        B        C        D        E       F      G
               +--------+--------+--------+--------+--------+-----+--------+
         Total |   2719 |   2679 |     40 |    423 |   1853 |   3 |  906.3 |
       Dungeon |   2719 |   2679 |     40 |    423 |   1853 |   3 |  906.3 |
               +--------+--------+--------+--------+--------+-----+--------+

Top non-repeatable levels by time:
     D:2: 1332 daAuts
     D:1: 1197 daAuts
     D:3: 189 daAuts
